 Dungeon Crawl Stone Soup version 0.25.1-9-gc5326a611f (webtiles) character file.

Game seed: 12052219289469803592

1022 raceaflais the Slinger (level 8, -2/54 HPs)
             Began as a Halfling Hunter on Dec 28, 2020.
             Was an Initiate of Wu Jian.
             Splashed by a jelly's acid (6 damage)
             ... on level 6 of the Dungeon.
             The game lasted 00:28:21 (5924 turns).

raceaflais the Slinger (Halfling Hunter)            Turns: 5924, Time: 00:28:22

Health: -2/54      AC: -10   Str: 15    XL:     8   Next: 46%
Magic:  8/8        EV: 15    Int:  9    God:    Wu Jian [......]
Gold:   235        SH:  0    Dex: 17    Spells: 7/7 levels left

rFire    . . .     SeeInvis .   k - +4 rapier "Tedasep" {vorpal, Str+2}
rCold    + . .     Gourm    .   (shield restricted)
rNeg     . . .     Faith    .   z - +1 leather armour {rF+}
rPois    .         Spirit   .   n - +0 helmet
rElec    .         Reflect  .   (no cloak)
rCorr    .         Harm     .   (no gloves)
MR       .....                  (no boots)
Stlth    ++........             (no amulet)
HPRegen  0.18/turn              v - ring of ice
MPRegen  0.11/turn              (no ring)

@: about to teleport, corroded, flying, studying Evocations
A: small, mutation resistance 1
a: Renounce Religion


You were on level 6 of the Dungeon.
You worshipped Wu Jian.
Wu Jian was noncommittal.
You were not hungry.

You visited 1 branch of the dungeon, and saw 6 of its levels.

You collected 235 gold pieces.

Inventory:

Hand Weapons
 a - a +1 hunting sling
 e - a +0 hand axe
 k - the +4 rapier "Tedasep" (weapon) {vorpal, Str+2}
   (You found it on level 5 of the Dungeon)

   It inflicts extra damage upon your enemies.
   It affects your strength (+2).
 p - a +0 hunting sling of flaming
 s - a +1 vampiric short sword
 t - a +4 shortbow
 w - a +3 spear
 y - a +0 short sword of venom
 B - a +0 shortbow
Missiles
 d - 17 sling bullets
 h - 65 bolts
 m - 129 stones (quivered)
 q - 111 arrows
Armour
 n - a +0 helmet (worn)
 x - a +0 helmet
 z - a +1 leather armour of fire resistance (worn)
Jewellery
 v - a ring of ice (left hand)
Wands
 r - a wand of digging (4)
Scrolls
 b - a scroll of enchant armour
 i - 2 scrolls of identify
 j - 5 scrolls of remove curse
 l - a scroll of teleportation
 o - a scroll of fog
 u - a scroll of amnesia
Potions
 c - a potion of might
 g - 2 potions of lignification
Books
 C - a manual of Evocations
Comestibles
 f - 4 rations


   Skills:
 + Level 4.0 Fighting
 + Level 0.6 Short Blades
 + Level 11.7 Slings
 + Level 0.3 Bows
 + Level 3.0 Armour
 + Level 2.5 Dodging
 + Level 2.2 Stealth


You had 7 spell levels left.
You didn't know any spells.
Your spell library contained the following spells:

 Spells                   Type           Power        Failure   Level  Hunger
 Summon Lightning Spire   Summ/Air       #.......     99%         4    #####..
 Silence                  Hex/Air        #.........   100%        5    ######.
 Conjure Ball Lightning   Conj/Air       #.........   100%        6    #######
 Tornado                  Air            #.........   100%        9    #######


Dungeon Overview and Level Annotations

Branches:
Dungeon (6/15)
 Temple: D:4-7

Altars:
Elyvilon
Fedhas
Nemelex Xobeh
Qazlal
Sif Muna
Wu Jian


Innate Abilities, Weirdness & Mutations

You are small and have problems with some larger weapons.
You are somewhat resistant to further mutation.


Message History

The jelly is heavily wounded.
The jelly hits you. The acid corrodes you!
You are splashed with acid!
* * * LOW HITPOINT WARNING * * *
Found 16 gold pieces.
As you read the scroll of teleportation, it crumbles to dust.
You feel strangely unstable. The jelly hits you.
* * * LOW HITPOINT WARNING * * *
The acid corrodes you!
You are splashed with acid!
* * * LOW HITPOINT WARNING * * *
You feel stronger.
k - the +4 rapier "Tedasep" (weapon)
{vorpal, Str+2} Really quaff the potion of lignification? [Y]es or [N]o only, please.
Really quaff the potion of lignification?
Okay, then.
You feel very buoyant.
You fly up into the air.
The jelly hits you.
* * * LOW HITPOINT WARNING * * *
You are splashed with acid.
You die...

....###.......
#...#........#
#...........#
#...........#
#..........##
#.........$.#
#...........+
#.....@...#
#....J..###
##...#### ##..#
#.(######.
######..(.(....
##
#...##..(##.(..
.## #....#.###
.. ..##
#.......###


You could see a jelly.

Vanquished Creatures
  Sigmund (D:4)
  A phantom (D:4)
  An ogre (D:4)
  2 centaurs (D:5)
  Blork the orc (D:4)
  A wyvern skeleton (D:5)
  A scorpion (D:5)
  A howler monkey (D:4)
  An orc priest (D:4)
  A centaur skeleton (D:6)
  4 worker ants
  4 gnolls (D:2)
  7 adders
  A shadow imp (D:6)
  4 worms
  3 dart slugs (D:2)
  A leopard gecko (D:2)
  6 orcs
  3 giant cockroaches
  5 goblins
  2 hobgoblins (D:3)
  8 kobolds
  3 quokkas
  2 ball pythons
  7 bats
  3 frilled lizards
  A jackal skeleton (D:4)
  4 rats
79 creatures vanquished.

Notes
Turn   | Place    | Note
-------+----------+-------------------------------------------
     0 | D:1      | raceaflais the Halfling Hunter began the quest for the Orb.
     0 | D:1      | Reached XP level 1. HP: 14/14 MP: 1/1
   139 | D:1      | Reached skill level 6 in Slings
   194 | D:1      | Reached XP level 2. HP: 19/19 MP: 2/2
  1205 | D:2      | Reached XP level 3. HP: 16/24 MP: 3/3
  1647 | D:2      | Found a sparkling altar of Nemelex Xobeh.
  1656 | D:2      | Became a worshipper of Nemelex Xobeh the Trickster
  1690 | D:2      | Reached skill level 7 in Slings
  1691 | D:2      | Reached XP level 4. HP: 20/29 MP: 4/4
  1699 | D:2      | Reached skill level 1 in Armour
  1707 | D:2      | Received a gift from Nemelex Xobeh
  1902 | D:2      | Reached XP level 5. HP: 34/34 MP: 5/5
  2280 | D:2      | Reached skill level 8 in Slings
  2908 | D:3      | Reached * piety under Nemelex Xobeh
  3210 | D:3      | Found a white marble altar of Elyvilon.
  3251 | D:3      | Fell from the grace of Nemelex Xobeh
  3251 | D:3      | Became a worshipper of Elyvilon the Healer
  3455 | D:4      | Noticed an ogre
  3468 | D:4      | Killed an ogre
  3468 | D:4      | Reached XP level 6. HP: 31/41 MP: 6/6
  3697 | D:4      | Reached skill level 9 in Slings
  3865 | D:4      | Noticed Blork the orc
  3899 | D:4      | Killed Blork the orc
  3899 | D:4      | Reached XP level 7. HP: 42/46 MP: 7/7
  4142 | D:4      | Reached skill level 10 in Slings
  4320 | D:4      | Reached * piety under Elyvilon
  4367 | D:4      | Noticed Sigmund
  4375 | D:4      | Killed Sigmund
  4604 | D:5      | Entered Level 5 of the Dungeon
  4702 | D:5      | Reached skill level 11 in Slings
  4702 | D:5      | Reached XP level 8. HP: 52/52 MP: 8/8
  4783 | D:5      | Got a glimmering rapier
  4799 | D:5      | Identified the +4 rapier "Tedasep" {vorpal, Str+2} (You
                  | found it on level 5 of the Dungeon)
  4919 | D:5      | Found an ornate altar of the Wu Jian Council.
  4937 | D:5      | Fell from the grace of Elyvilon
  4937 | D:5      | Became a worshipper of the Wu Jian Council
  5241 | D:5      | Found a blossoming altar of Fedhas.
  5760 | D:6      | Found a shimmering blue altar of Sif Muna.
  5849 | D:6      | Found a stormy altar of Qazlal.
  5924 | D:6      | Splashed by a jelly's acid

Illustrated notes

Levels and vault maps discovered:
D:1:      wander_arrival_peaceful_grave, layout_basic, serial_rivers,
          chequers_serial_rivers_large_a, chequers_serial_rivers_small_b,
          chequers_serial_rivers_room_a, chequers_serial_rivers_marsh,
          chequers_serial_rivers_small_3
D:2:      layout_loops_ring, lemuel_coloured_pillars_altar
D:3:      layout_basic, first_ration, elyvilon_altar_5
D:4:      layout_basic, uniq_blork_the_orc, uniq_sigmund
D:5:      layout_loops_ring, nicolae_overflow_crystal_walls, marbit_many_paths,
          minmay_manual_mares
D:6:      layout_cave_pods, regret_index_temple_of_mockery,
          nicolae_overflow_hidden_temple, old_standard_altar, basic_altar

Skill      XL: |  1  2  3  4  5  6  7  8 |
---------------+-------------------------+-----
Slings         | 6 7 8 9 11 | 11.7
Fighting       | 2 3 4 |  4.0
Armour         | 1 2 3 |  3.0
Stealth        | 2 |  2.2
Short Blades   | |  0.6
Bows           | |  0.3
Dodging        | |  2.5

Action                   |  1- 3 |  4- 6 |  7- 9 || total
-------------------------+-------+-------+-------++-------
Melee: Rapier            |       |       |     7 ||     7
 Fire: Hunting sling     |    34 |   134 |    72 ||   240
       Shortbow          |       |       |    21 ||    21
  Use: Scroll            |     6 |     4 |     4 ||    14
       Potion            |     4 |     5 |     3 ||    12
  Eat: Ration            |     1 |     2 |     2 ||     5
       Chunk             |       |     4 |     1 ||     5
Armor: Leather armour    |     3 |     6 |    10 ||    19
Dodge: Dodged            |     9 |    20 |    38 ||    67
